 Dungeon Crawl Stone Soup version 0.31.0-32-g396128a36d (webtiles) character file.

Game seed: 15157593899051365090

3741 hawla the Gouger (level 9, 0/44 HPs)
             Began as a Felid Shapeshifter on Apr 11, 2024.
             Was an Initiate of Yredelemnul.
             Succumbed to poison
             ... on level 8 of the Dungeon.
             The game lasted 00:16:16 (7627 turns).

hawla the Gouger (Felid Shapeshifter)               Turns: 7627, Time: 00:16:17

Health: 0/44       AC:  2    Str: 14    XL:     9   Next: 93%
Magic:  8/12       EV: 21    Int: 20    God:    Yredelemnul [......]
Gold:   116        SH:  5    Dex: 16    Spells: 6/10 levels left
                                        Lives:  0   Deaths: 3

rFire   . .          .
                       - Unarmed
rCold   . . .        (shield unavailable)
rNeg    . . .        (body armour unavailable)
rPois   .            (helmet unavailable)
rElec   .            (cloak unavailable)
rCorr   .            (gloves unavailable)
SInv    +            (boots unavailable)
Will    ++...        x - amulet of reflection
Stlth   +++          t - +6 ring of intelligence
HPRegen 0.27/turn    (no ring)
MPRegen 0.13/turn

%: reflection
@: mighty, lethally poisoned (0 -> -25), beast-form, enlightened, flying, very
slightly contaminated
A: beast (slay +3), very small, claws 1, fangs 3, see invisible, shaggy fur 2,
stealthy paws, no weapons or thrown items, no armour, multi-lived
a: Begin Untransformation, Renounce Religion, Recall Undead Harvest


You were on level 8 of the Dungeon.
You worshipped Yredelemnul.
Yredelemnul was noncommittal.
You were a hulking beast.
You visited 2 branches of the dungeon, and saw 9 of its levels.

You collected 376 gold pieces.
You spent 260 gold pieces at shops.

Inventory:

Jewellery
 m - an amulet of the acrobat
 t - a +6 ring of intelligence (left paw)
 x - an amulet of reflection (around neck)
Talismans
 b - a beast talisman
 c - a flux talisman
Wands
 g - a wand of charming (18)
 h - a wand of roots (1)
 n - a wand of digging (11)
Scrolls
 d - 2 scrolls of silence
 f - a scroll of noise {unknown}
 i - a scroll of amnesia
 k - a scroll of revelation {unknown}
 l - 2 scrolls of fog
 o - 3 scrolls of identify {unknown}
 p - 2 scrolls of poison {unknown}
 r - 2 scrolls of fear {unknown}
 v - 2 scrolls of enchant weapon {unknown}
 y - a scroll of torment {unknown}
Potions
 s - a potion of enlightenment


   Skills:
 + Level 3.1 Fighting
 + Level 7.6 Dodging
 + Level 5.9 Stealth
 + Level 10.1 Unarmed Combat
 + Level 1.4 Spellcasting
 + Level 1.5 Conjurations
 + Level 1.4 Ice Magic
 * Level 0.9 Alchemy
 * Level 1.0 Invocations
 + Level 1.5 Evocations
 * Level 5.5 Shapeshifting


You had 6 spell levels left.
You knew the following spells:

 Your Spells              Type           Power      Damage    Failure   Level
a - Olgreb's Toxic Radia  Alch           5%         N/A       75%         4

Your spell library contained the following spells:

 Spells                   Type           Power      Damage    Failure   Level
 Freeze                   Ice            28%        1d5       10%         1
 Sting                    Conj/Alch      24%        1d4       10%         1
 Mercury Vapours          Alch/Air       6%         N/A       22%         2
 Hailstorm                Conj/Ice       7%         3d5       26%         3
 Frozen Ramparts          Ice            14%        1d3       28%         3
 Summon Ice Beast         Ice/Summ       4%         N/A       36%         3
 Summon Mana Viper        Hex/Summ       1%         N/A       99%         5
 Monstrous Menagerie      Summ           0%         N/A       100%        7


Dungeon Overview and Level Annotations

Branches:
Dungeon (8/15)             Temple (1/1) D:5            Lair (0/5) D:8

Altars:
Ashenzari
Cheibriados
Dithmenos
Fedhas
Gozag
Hepliaklqana
Kikubaaqudgha
Makhleb
Nemelex Xobeh
Okawaru
Qazlal
Ru
Sif Muna
Trog
Vehumet
Wu Jian
Xom
Yredelemnul
Zin
The Shining One

Shops:
D:5 :=:!


Innate Abilities, Weirdness & Mutations

You are a hulking beast.
Your limbs bulge with bestial killing power. (Slay +3)
You have sharp claws.
You have razor-sharp teeth.
You have supernaturally acute eyesight. (SInv)
You are covered in thick fur. (AC +2)
Your paws help you pounce on unaware monsters.
You are incapable of wielding weapons or throwing items.
You cannot wear armour.
You gain extra lives every three experience levels.


Message History

You hear two shouts!
The orc shouts!
The steam dragon hisses angrily.
The orc shouts!
The orc barely misses you.
An orc comes into view. It is wielding a +0 club.
You block the vampire's attack. The vampire completely misses you.
The centaur wields a +0 orcbow.
The centaur shoots an arrow.
The arrow barely misses you.
The arrow hits the vampire.
The kobold brigand shouts!
The orc shouts!
Casting: Olgreb's Toxic Radiance (extremely dangerous; 75% risk of failure)
Confirm with . or Enter, or press ? or * to list all spells.
You miscast Olgreb's Toxic Radiance.
You are very lightly contaminated with residual magic.
You are engulfed in toxic fumes.
You are lethally poisoned!
You feel extremely sick.
The centaur shoots an arrow.
The arrow misses you.
The arrow closely misses the vampire.
The arrow hits the kobold brigand!
You block the orc's attack. The vampire misses you. The vampire bites you!
The vampire draws strength from your injuries!
The orc barely misses you.
The howler monkey hoots and howls with incredible vigour!
You hear a shout!
Blink to where?
Press: ? - help, Dir - move target An orc comes into view.
It is wielding a +0 dagger.
Found 3 stones.
As you read the scroll of blinking, it crumbles to dust.
* * * LOW HITPOINT WARNING * * *
You feel extremely sick.
The orc moves out of view.
It was a potion of enlightenment.
You feel very buoyant.
You fly up into the air.
* * * LOW HITPOINT WARNING * * *
You feel extremely sick. The steam dragon bites your orc zombie!
Your orc zombie is destroyed!
It was a potion of might.
You feel very mighty all of a sudden.
You die...
Your body rises from the dead as a mindless zombie. ♣...K##.##K... #.V$D.# #.gohh#

#.oog.#
g##c##g.
## #.#
#####
♣.♣♣....♣
♣lo..≈≈≈.
♣h♣
♣P.(....♣
♣♣♣♣♣♣♣.♣
... ...
.....
.....
....#..


You could see a komodo dragon, a vampire, a steam dragon, 2 gnoll sergeants, a
centaur, a howler monkey and 4 orcs.

Vanquished Creatures
  An elephant (D:8)
  A hornet (D:8)
  A vampire (D:8)
  A steam dragon (D:8)
  A yak (D:8)
  2 basilisks (D:8)
  2 water moccasins
  An orc warrior (D:7)
  A sky beast (D:8)
  2 ice beasts
  A centaur (D:5)
  An ogre (D:7)
  A kobold brigand (D:8)
  4 bullfrogs
  4 scorpions
  6 killer bees
  2 hounds
  A bombardier beetle (D:5)
  5 orc priests
  Crazy Yiuf (D:3)
  A gnoll bouda (D:5)
  3 jellies
  Jessica (D:3)
  Natasha (twice) (D:2)
  An iguana (D:5)
  2 orc wizards (D:3)
  Robin (D:3)
  9 gnolls
  6 adders
  A shadow imp (D:5)
  A white imp (D:7)
  2 ufetubi (D:6)
  3 ribbon worms
  28 orcs
  5 endoplasms
  11 goblins
  12 hobgoblins
  2 jackals (D:2)
  2 quokkas
  4 ball pythons
  7 bats
  2 frilled lizards
  10 kobolds
  2 rats
157 creatures vanquished.

Vanquished Creatures (collateral kills)
  2 killer bees (D:7)
  2 iguanas
  A white imp (D:5)
5 creatures vanquished.

Vanquished Creatures (others)
  An elephant zombie (D:8)
  A hornet zombie (D:8)
  A killer bee (D:7)
  A bullfrog zombie (D:7)
  A basilisk zombie (D:8)
  2 killer bee zombies (D:8)
  A steam dragon zombie (D:8)
  2 kobold zombies (D:8)
  6 orc zombies
16 creatures vanquished.

Grand Total: 178 creatures vanquished

Notes
Turn   | Place    | Note
-------+----------+-------------------------------------------
     0 | D:1      | hawla the Felid Shapeshifter began the quest for the Orb.
     0 | D:1      | Reached XP level 1. HP: 10/10 MP: 2/2
   110 | D:1      | Reached XP level 2. HP: 13/14 MP: 3/3
   570 | D:1      | Reached XP level 3. HP: 18/18 MP: 4/4
   780 | D:2      | Reached skill level 4 in Unarmed Combat
   841 | D:2      | Reached XP level 4. HP: 22/22 MP: 5/5
   841 | D:2      | Gained a life (2 lives remaining)
   946 | D:2      | Noticed Natasha
   956 | D:2      | Killed Natasha
  1237 | D:2      | Found a sparkling altar of Nemelex Xobeh.
  1238 | D:2      | Noticed Natasha
  1243 | D:2      | Killed Natasha
  1629 | D:2      | Found a faded altar of an unknown god.
  1879 | D:3      | Reached XP level 5. HP: 19/25 MP: 6/6
  1982 | D:3      | Reached skill level 1 in Stealth
  2192 | D:3      | Reached skill level 5 in Unarmed Combat
  2311 | D:3      | Found a runed translucent door.
  2312 | D:3      | Noticed Crazy Yiuf
  2326 | D:3      | Noticed Robin
  2333 | D:3      | Killed Robin
  2394 | D:3      | Noticed Jessica
  2396 | D:3      | Killed Jessica
  2459 | D:3      | Gained mutation: You are covered in thick fur. (AC +2)
                  | [Felid growth]
  2459 | D:3      | Reached XP level 6. HP: 18/30 MP: 7/7
  2936 | D:3      | Found a broken altar of Ashenzari.
  3006 | D:3      | Killed Crazy Yiuf
  3233 | D:4      | Reached skill level 6 in Unarmed Combat
  4037 | D:5      | Entered Level 5 of the Dungeon
  4037 | D:5      | Found Nynanal's Book Emporium.
  4083 | D:5      | Identified the +0 leather armour of the Cricket {rPois rF-
                  | rN++ rCorr}
  4087 | D:5      | Bought a Young Poisoner's Handbook for 260 gold pieces
  4121 | D:5      | Reached XP level 7. HP: 12/34 MP: 8/8
  4125 | D:5      | Learned a level 3 spell: Hailstorm
  4232 | D:5      | Found a staircase to the Ecumenical Temple.
  4285 | D:5      | Found Foixt's Distillery.
  4543 | D:5      | Found Sunuju's Book Boutique.
  4571 | D:5      | Found a snail-covered altar of Cheibriados.
  4637 | D:5      | Found Nastougg's Jewellery Boutique.
  4735 | Temple   | Entered the Ecumenical Temple
  4762 | Temple   | Became a worshipper of Yredelemnul the Dark
  4809 | D:5      | Reached skill level 7 in Unarmed Combat
  4814 | D:5      | HP: 2/52 [poisoned by a water moccasin]
  4816 | D:5      | Succumbed to a water moccasin's poison
  4816 | D:5      | Lost a life (1 life remaining)
  4857 | D:5      | Reached * piety under Yredelemnul
  5177 | D:6      | Reached XP level 8. HP: 26/39 MP: 9/9
  5177 | D:6      | Gained a life (2 lives remaining)
  5303 | D:6      | Reached skill level 5 in Dodging
  5387 | D:6      | Found a stormy altar of Qazlal.
  5390 | D:6      | Found a sacrificial altar of Ru.
  5390 | D:6      | Found an opulent altar of Gozag.
  5394 | D:6      | Found a bloodstained altar of Trog.
  5401 | D:6      | Reached ** piety under Yredelemnul
  5643 | D:7      | Reached skill level 8 in Unarmed Combat
  5811 | D:7      | Found an ancient bone altar of Kikubaaqudgha.
  5978 | D:7      | Reached skill level 5 in Shapeshifting
  6014 | D:7      | Reached skill level 9 in Unarmed Combat
  6310 | D:7      | Reached XP level 9. HP: 26/43 MP: 10/10
  6316 | D:7      | HP: 3/64 [killer bee (4)]
  6317 | D:7      | Slain by a killer bee
  6317 | D:7      | Lost a life (1 life remaining)
  6676 | D:8      | Found a staircase to the Lair.
  6676 | D:8      | Noticed an elephant
  6832 | D:8      | Reached skill level 5 in Stealth
  6986 | D:8      | Killed an elephant
  6987 | D:8      | Reached skill level 1 in Spellcasting
  6987 | D:8      | Reached skill level 1 in Conjurations
  6987 | D:8      | Reached skill level 1 in Ice Magic
  6987 | D:8      | Reached skill level 1 in Evocations
  7136 | D:8      | Learned a level 4 spell: Olgreb's Toxic Radiance
  7154 | D:8      | Reached skill level 10 in Unarmed Combat
  7321 | D:8      | Found a shadowy altar of Dithmenos.
  7460 | D:8      | Killed from afar by a vampire
  7460 | D:8      | Lost a life (0 lives remaining)
  7489 | D:8      | Reached skill level 1 in Invocations
  7622 | D:8      | Noticed a komodo dragon
  7627 | D:8      | Succumbed to poison

Illustrated notes

Levels and vault maps discovered:
D:1:      enne_arrival_octagon_isle, layout_loops_ring, nicolae_grassy_gnolls
D:2:      cheibrodos_pilgrimage, layout_basic, basic_altar,
          basic_ecumenical_altar, dk_noncrumbling_4, uniq_natasha
D:3:      layout_loops_corners, marbit_many_paths, uniq_jessica,
          uniq_crazy_yiuf_cottage, uniq_robin
D:4:      layout_cave_pods
D:5:      layout_rooms, old_standard_altar, minmay_temple_entry_gardened_gates,
          serial_shops, shop, kennysheep_little_box, kennysheep_mini_moat,
          nicolae_inconvenience_store
D:6:      layout_cave_pools, grunt_temple_overflow_open, minmay_misc_feat_chi
D:7:      layout_loops_ring, mainiacjoe_overflow_paths, minivault_14
D:8:      nzn_winding_woodlands_small
          [nzn_winding_woodlands_5x15_pathside_ponds,
          nzn_winding_woodlands_center_pierced_h,
          nzn_winding_woodlands_5x15_pool], layout_rooms, grunt_dithmenos_smoke,
          david_lair_generic
Temple:   minmay_temple_forest_path

Skill      XL: |  1  2  3  4  5  6  7  8  9 |
---------------+----------------------------+-----
Shapeshifting  | 3 4 5 |  5.5
Unarmed Combat | 4 5 6 7 9 10 | 10.1
Dodging        | 3 4 6 7 |  7.6
Stealth        | 1 3 4 5 |  5.9
Fighting       | 2 3 |  3.1
Spellcasting   | 1 |  1.4
Conjurations   | 1 |  1.5
Ice Magic      | 1 |  1.4
Evocations     | 1 |  1.5
Invocations    | 1 |  1.0
Alchemy        | |  0.9

Action                     |  1- 3 |  4- 6 |  7- 9 || total
---------------------------+-------+-------+-------++-------
  Melee: Unarmed           |    63 |   176 |   225 ||   464
         Bite              |     1 |    19 |    28 ||    48
         Punch             |       |     8 |     6 ||    14
 Invoke: Recall Undead Har |       |       |     3 ||     3
  Evoke: Wand              |       |       |    10 ||    10
    Use: Scroll            |     4 |       |     5 ||     9
         Potion            |     1 |     1 |    14 ||    16
   Stab: Sleeping          |       |     4 |     5 ||     9
         Distracted        |       |     1 |     1 ||     2
 Armour: Skin              |    12 |    60 |   123 ||   195
  Dodge: Dodged            |    61 |   114 |   218 ||   393
  Block: Other             |       |       |    14 ||    14
